[Event "Titled Tuesday Blitz March 14 Early 2023"]
[White "Escalona Landi, Samid Eduardo"]
[Black "Rostomyan, Mikayel"]
[WhiteFideId "3937437"]
[BlackFideId "13313754"]
[WhiteElo "2207"]
[BlackElo "2009"]
[Result "1-0"]
[Round "06"]
[TimeControl "180+2"]
[Date "2023.03.14"]
[WhiteClock "0:01:58"]
[BlackClock "0:00:54"]

1. e4 c5 2. Nf3 d6 3. d4 cxd4 4. Nxd4 Nf6 5. Nc3 a6 6. Be3 e5 7. Nb3 Be7 8. f3 Be6 9. Qd2 h5 10. Be2 Nbd7 11. Nd5 Nxd5 12. exd5 Bf5 13. O-O a5 14. a4 O-O 15. Bb5 b6 16. Rac1 Nc5 17. Na1 Bg6 18. Bc6 Rb8 19. c3 f5 20. b4 Nd3 21. Qxd3 f4 22. Qxg6 fxe3 23. Nc2 Bg5 24. Rce1 1-0


[Site "https://www.chess.com"]

[Event "Titled Tuesday Blitz March 14 Early 2023"]
[White "Sadubayev, Airat"]
[Black "rikchessmx"]
[WhiteFideId "13713264"]
[WhiteElo "2129"]
[BlackElo "2322"]
[Result "0-1"]
[Round "06"]
[TimeControl "180+2"]
[Date "2023.03.14"]
[WhiteClock "0:00:07"]
[BlackClock "0:01:01"]

1. d4 Nf6 2. c4 e6 3. Nf3 c5 4. d5 b5 5. e3 bxc4 6. Bxc4 Bb7 7. dxe6 fxe6 8. O-O d5 9. Bb5+ Nbd7 10. Ne5 Bd6 11. Nxd7 Nxd7 12. Qh5+ g6 13. Qh6 Qf6 14. Bd2 O-O-O 15. Bc3 e5 16. Nd2 d4 17. Ba5 Nb6 18. exd4 exd4 19. Nc4 Bc7 20. Rae1 Bd5 21. Nxb6+ axb6 22. Bd2 Rdf8 23. Qh3+ Kb8 24. a4 g5 25. a5 bxa5 26. Ra1 Qb6 27. Qd3 Qd6 28. g3 Bb7 29. Bxa5 Qd5 30. Bxc7+ Kxc7 31. f3 g4 32. Rf2 Rxf3 33. Rxf3 Qxf3 34. Qxf3 gxf3 35. Kf2 h5 36. Re1 h4 37. Re7+ Kb6 38. Bc4 hxg3+ 39. Kxg3 Rf8 40. Re6+ Ka5 41. Kf2 Kb4 42. Bd3 Bd5 43. Re5 Rd8 44. Re7 c4 45. Rc7 cxd3 46. Rc1 Kb3 47. Rd1 Bc4 48. Kxf3 Kc2 49. Re1 d2 50. Rg1 d1=Q+ 51. Rxd1 Kxd1 52. h3 d3 53. h4 Kc2 54. h5 d2 55. h6 d1=Q+ 56. Kf4 Qh1 57. h7 Qxh7 58. b3 Re8 59. bxc4 Qf7+ 60. Kg5 Rg8+ 61. Kh6 Qg6# 0-1


[Site "https://www.chess.com"]

[Event "Titled Tuesday Blitz March 14 Early 2023"]
[White "Odegov, Artem"]
[Black "Jimenez, Joaquin"]
[WhiteFideId "34183644"]
[BlackFideId "109860"]
[WhiteElo "2300"]
[BlackElo "2163"]
[Result "1-0"]
[Round "06"]
[TimeControl "180+2"]
[Date "2023.03.14"]
[WhiteClock "0:00:44"]
[BlackClock "0:00:21"]

1. d4 Nf6 2. c4 g6 3. Nc3 Bg7 4. e4 d6 5. h3 O-O 6. Be3 e5 7. d5 a5 8. Bd3 Na6 9. g4 Nc5 10. Bc2 Ne8 11. Nge2 f5 12. gxf5 gxf5 13. exf5 Bxf5 14. Bxf5 Rxf5 15. Ng3 Rf8 16. Nge4 Nxe4 17. Nxe4 Qh4 18. Qg4 Qxg4 19. hxg4 Nf6 20. Nxf6+ Rxf6 21. Ke2 e4 22. Rh4 Rg6 23. g5 Re8 24. Rb1 a4 25. Kd2 Bh8 26. Kc2 Re7 27. Rg1 Kf8 28. Rgg4 Be5 29. Rxe4 Rf7 30. f4 Bh8 31. Rh1 Rg8 32. Kd3 Kg7 33. Ke2 Kg6 34. Kf3 Kf5 35. Re6 Bxb2 36. Rh5 Rg6 37. Re8 Bg7 38. Rxh7 c6 39. Rh1 Bb2 40. Rb1 a3 41. Re1 Rgg7 42. Re6 Rg6 43. Bd2 Rh7 44. Rxg6 Kxg6 45. Kg4 Rh2 46. f5+ Kf7 47. g6+ Kg7 48. Re7+ Kf8 49. Rf7+ Kg8 50. Bf4 cxd5 51. cxd5 Rg2+ 52. Kf3 Rc2 53. Rxb7 Be5 54. Bxe5 dxe5 55. f6 1-0


[Site "https://www.chess.com"]

[Event "Titled Tuesday Blitz March 14 Early 2023"]
[White "Shapiro, Viktor"]
[Black "MunichMouse"]
[WhiteFideId "4175700"]
[WhiteElo "2152"]
[BlackElo "2303"]
[Result "1-0"]
[Round "06"]
[TimeControl "180+2"]
[Date "2023.03.14"]
[WhiteClock "0:00:14"]
[BlackClock "0:00:13"]

1. c4 c5 2. Nc3 Nc6 3. g3 g6 4. Bg2 Bg7 5. Nf3 e5 6. d3 Nge7 7. O-O h6 8. a3 O-O 9. Rb1 Rb8 10. b4 b6 11. Bd2 d6 12. h3 f5 13. e3 Be6 14. Qe2 d5 15. bxc5 bxc5 16. cxd5 Nxd5 17. Nxd5 Bxd5 18. Rfc1 Qd6 19. e4 Be6 20. Be3 Rxb1 21. Rxb1 Nd4 22. Bxd4 cxd4 23. Nh4 Kh7 24. exf5 Bxf5 25. Nxf5 gxf5 26. a4 e4 27. dxe4 d3 28. Qh5 f4 29. e5 Qg6 30. Qxg6+ Kxg6 31. Be4+ Kh5 32. Bxd3 fxg3 33. fxg3 Bxe5 34. Rb5 Re8 35. Kg2 Kg5 36. h4+ Kf6 37. Ra5 Bd4 38. Rf5+ Ke6 39. Rh5 Rh8 40. Kf3 Kd6 41. Ke4 Bf2 42. Rd5+ Ke6 43. g4 Bxh4 44. Bc4 Kf6 45. Ra5 Bf2 46. Ra6+ Kg5 47. Be6 Re8 48. Kf3 Bb6 49. Bf5 h5 50. Bd7 Rf8+ 51. Kg2 Rf2+ 52. Kh3 Rf3+ 53. Kg2 hxg4 54. a5 Kf4 55. axb6 axb6 56. Rxb6 Rd3 57. Rb4+ Ke5 58. Bxg4 Kf6 59. Bf3 Ke5 60. Kg3 Rd4 61. Rb5+ Kf6 62. Rh5 Rb4 63. Rc5 Rd4 64. Kf2 Ke6 65. Ke3 Rb4 66. Be4 Kd6 67. Rh5 Ke6 68. Kf4 Kd6 69. Rh6+ Kc5 70. Ke5 Rb2 71. Rc6+ Kb4 72. Kd4 Rd2+ 73. Bd3 Rh2 74. Rb6+ Ka5 75. Rb5+ Ka4 76. Rg5 Kb4 77. Rb5+ Ka4 78. Rb1 Rh4+ 79. Kc3 Ka5 80. Rb5+ Ka4 81. Rb6 Ka5 82. Ra6# 1-0


[Site "https://www.chess.com"]

[Event "Titled Tuesday Blitz March 14 Early 2023"]
[White "TimGrutter03"]
[Black "Levitan, Caleb Levi"]
[BlackFideId "14332620"]
[WhiteElo "2479"]
[BlackElo "1963"]
[Result "1/2-1/2"]
[Round "06"]
[TimeControl "180+2"]
[Date "2023.03.14"]
[WhiteClock "0:00:07"]
[BlackClock "0:00:13"]

1. Nf3 Nf6 2. g3 b6 3. Bg2 Bb7 4. O-O e6 5. b3 Be7 6. Bb2 O-O 7. d4 d5 8. Ne5 c5 9. c4 Nc6 10. cxd5 Nxd5 11. Nxc6 Bxc6 12. Nc3 Nxc3 13. Bxc3 Bxg2 14. Kxg2 Bf6 15. e3 Qd5+ 16. Qf3 Qxf3+ 17. Kxf3 Rfd8 18. Rfd1 Rac8 19. Rac1 cxd4 20. Bxd4 Bxd4 21. Rxd4 Kf8 22. Rxd8+ Rxd8 23. Rc7 a5 24. Rc6 Rb8 25. Rc7 Rd8 26. Ke2 Rd6 27. Rb7 g6 28. e4 e5 29. f4 exf4 30. gxf4 Kg7 31. e5 Re6 32. Kf3 g5 33. Ke4 gxf4 34. Kxf4 Kg6 35. Rb8 Rc6 36. Rg8+ Kh6 37. Kf5 Rc2 38. Kf6 Rf2+ 39. Ke7 Rf5 40. Kd6 Rf2 41. Ke7 Rf5 42. Rg2 Rxe5+ 43. Kxf7 Re3 44. Rc2 Rf3+ 45. Ke6 Kg5 46. Kd5 Kg4 47. Rc6 Rh3 48. Rxb6 Rxh2 49. a4 h5 50. Kc4 h4 51. Rh6 h3 52. Kb5 Rb2 53. Kxa5 Rxb3 54. Ka6 Kg3 55. a5 h2 56. Ka7 Kg2 57. Rxh2+ Kxh2 58. a6 Kg3 59. Ka8 Kf4 60. a7 Ra3 61. Kb8 Rb3+ 62. Kc7 Ra3 63. Kb7 Ke5 64. a8=Q Rxa8 65. Kxa8 1/2-1/2


[Site "https://www.chess.com"]

[Event "Titled Tuesday Blitz March 14 Early 2023"]
[White "Wilson, Elvin"]
[Black "Pandey Srishti"]
[WhiteFideId "2014874"]
[BlackFideId "35093290"]
[WhiteElo "2279"]
[BlackElo "2083"]
[Result "0-1"]
[Round "06"]
[TimeControl "180+2"]
[Date "2023.03.14"]
[WhiteClock "0:00:01"]
[BlackClock "0:00:20"]

1. c4 g6 2. g3 c6 3. Bg2 d5 4. Nf3 dxc4 5. O-O Bg7 6. Na3 Nf6 7. Nxc4 O-O 8. b3 b6 9. Bb2 Bb7 10. Nfe5 Nfd7 11. Qc2 b5 12. Nxd7 Nxd7 13. Bxg7 Kxg7 14. Nb2 Rc8 15. Nd3 Qb6 16. b4 a5 17. bxa5 Qxa5 18. Nc5 Nxc5 19. Qxc5 Rc7 20. a4 Rd8 21. Rfb1 Rxd2 22. axb5 Ra2 23. Qd4+ f6 24. b6 Rc8 25. Rxa2 Qxa2 26. Ra1 Qxe2 27. Ra7 c5 28. Qa1 Bxg2 29. Kxg2 Qe4+ 30. Kg1 Rb8 0-1


[Site "https://www.chess.com"]

[Event "Titled Tuesday Blitz March 14 Early 2023"]
[White "Begunov, Konstantin"]
[Black "Zaichenko, Daria"]
[WhiteFideId "4118510"]
[BlackFideId "4197453"]
[WhiteElo "2079"]
[BlackElo "2039"]
[Result "1-0"]
[Round "06"]
[TimeControl "180+2"]
[Date "2023.03.14"]
[WhiteClock "0:00:22"]
[BlackClock "0:00:21"]

1. d4 d5 2. c4 e6 3. Nc3 Be7 4. cxd5 exd5 5. Nf3 c6 6. Qc2 Nf6 7. Bg5 g6 8. e3 O-O 9. Bd3 Na6 10. Bxa6 bxa6 11. O-O Bf5 12. Qe2 Ne4 13. Bxe7 Nxc3 14. Qe1 Qxe7 15. Qxc3 Rac8 16. Rfc1 Be4 17. Nd2 Bf5 18. Qa5 Qb7 19. Nb3 Qb5 20. Qd2 Rb8 21. Rc5 Qb7 22. Rac1 Bd7 23. R1c2 Rfc8 24. Na5 Qb6 25. b3 Rc7 26. Qc1 Rbc8 27. h3 Kg7 28. Qd2 Bf5 29. Rc1 Bd7 30. Qc3 h5 31. e4 dxe4 32. d5+ Kh7 33. d6 Rb7 34. Nxb7 Qxb7 35. Qe5 Qb4 36. Qe7 Be6 37. d7 Rc7 38. d8=Q Rxe7 39. Qxe7 Qd2 40. R5c2 Qd5 41. Qf6 a5 42. Rxc6 1-0


[Site "https://www.chess.com"]

[Event "Titled Tuesday Blitz March 14 Early 2023"]
[White "Rosenberg, Evan S"]
[Black "Fajdetic, Hrvoje"]
[WhiteFideId "2019299"]
[BlackFideId "14501945"]
[WhiteElo "2404"]
[BlackElo "2185"]
[Result "0-1"]
[Round "06"]
[TimeControl "180+2"]
[Date "2023.03.14"]
[WhiteClock "0:00:02"]
[BlackClock "0:00:31"]

1. d4 e6 2. Nf3 f5 3. g3 Nf6 4. c4 d5 5. Nc3 c6 6. Bg2 Bd6 7. Bf4 O-O 8. Bxd6 Qxd6 9. O-O Ne4 10. Qc2 b6 11. Ne5 Bb7 12. f3 Nxc3 13. Qxc3 Nd7 14. Nd3 Rac8 15. b4 dxc4 16. Qxc4 c5 17. dxc5 bxc5 18. bxc5 Nxc5 19. Nxc5 Rxc5 20. Qb3 Ba6 21. Rfd1 Qb6 22. Qe3 Rc2 23. Qxb6 axb6 24. Rd6 Bxe2 25. Rxb6 f4 26. Rxe6 fxg3 27. hxg3 Bxf3 28. Bxf3 Rxf3 29. Rae1 Rxg3+ 30. Kh1 h6 31. R1e2 Rxe2 32. Rxe2 Ra3 33. Kg1 Kh7 34. Kf1 g5 35. Ke1 Kg6 36. Kd1 g4 37. Kc1 h5 38. Kb2 Ra5 39. Kb3 g3 40. a4 h4 41. Kb4 Ra8 42. a5 Kg5 43. Re7 Rg8 44. a6 g2 0-1


[Site "https://www.chess.com"]

[Event "Titled Tuesday Blitz March 14 Early 2023"]
[White "Zaksaite, Salomeja"]
[Black "Hoffmann, Asa"]
[WhiteFideId "12801496"]
[BlackFideId "2001470"]
[WhiteElo "2059"]
[BlackElo "2117"]
[Result "1-0"]
[Round "06"]
[TimeControl "180+2"]
[Date "2023.03.14"]
[WhiteClock "0:00:19"]
[BlackClock "0:01:04"]

1. d4 Nf6 2. Nc3 d6 3. e4 c6 4. Nf3 Bg4 5. h3 Bh5 6. Bg5 Nbd7 7. g4 Bg6 8. Qe2 h5 9. Rg1 hxg4 10. hxg4 Qa5 11. O-O-O e5 12. dxe5 dxe5 13. Nh4 Bb4 14. Nxg6 fxg6 15. Qc4 O-O-O 16. Bd2 Qc5 17. Qe2 Nf8 18. a3 Bxc3 19. Bxc3 Rxd1+ 20. Kxd1 Ne6 21. Kc1 Nd4 22. Bxd4 Qxd4 23. Bg2 Rd8 24. Rd1 Qxd1+ 25. Qxd1 Rxd1+ 26. Kxd1 Nxg4 27. Bh3 Kc7 28. Bxg4 Kd6 29. Kd2 Kc5 30. Ke3 b5 31. f4 exf4+ 32. Kxf4 a5 33. e5 b4 34. axb4+ axb4 35. e6 Kd6 36. Kg5 c5 37. Kxg6 Ke7 38. Kxg7 c4 39. Kg6 c3 40. bxc3 bxc3 41. Kf5 1-0


[Site "https://www.chess.com"]

[Event "Titled Tuesday Blitz March 14 Early 2023"]
[White "Smith, Garrett L"]
[Black "Valle Maytin, Luis Enrique"]
[WhiteFideId "2024829"]
[BlackFideId "3503666"]
[WhiteElo "2259"]
[BlackElo "2225"]
[Result "0-1"]
[Round "06"]
[TimeControl "180+2"]
[Date "2023.03.14"]
[WhiteClock "0:00:56"]
[BlackClock "0:01:07"]

1. e4 c6 2. d4 d5 3. e5 c5 4. Nf3 Nc6 5. c4 cxd4 6. Nxd4 Nxe5 7. cxd5 Nf6 8. Nc3 g6 9. Bf4 Nfd7 10. Bb5 Bg7 11. Qe2 O-O 12. O-O a6 13. Ba4 b5 14. Bb3 Bb7 15. Rad1 Rc8 16. Rfe1 Re8 17. h3 Qb6 18. a3 Nc4 19. Bxc4 Rxc4 20. Be3 Bxd4 21. Rxd4 Rxd4 0-1


[Site "https://www.chess.com"]

[Event "Titled Tuesday Blitz March 14 Early 2023"]
[White "Martin, Lewis"]
[Black "Avazkhonov, Alikhon"]
[WhiteFideId "410551"]
[BlackFideId "14208504"]
[WhiteElo "2145"]
[BlackElo "1739"]
[Result "0-1"]
[Round "06"]
[TimeControl "180+2"]
[Date "2023.03.14"]
[WhiteClock "0:00:23"]
[BlackClock "0:02:29"]

1. e4 c5 2. Nf3 d6 3. d4 cxd4 4. Nxd4 Nf6 5. Nc3 a6 6. Bg5 e6 7. f4 h6 8. Bh4 Be7 9. Qf3 Nbd7 10. O-O-O Qc7 11. Bd3 g5 12. fxg5 Ne5 13. Qe2 Nfg4 14. Bg3 hxg5 15. h3 Nf6 16. Rhf1 Bd7 17. Kb1 O-O-O 18. Nf3 Nh5 19. Bh2 Nf4 20. Qd2 Neg6 21. e5 dxe5 22. Bxg6 fxg6 23. Bxf4 exf4 24. Qe2 0-1


[Site "https://www.chess.com"]

[Event "Titled Tuesday Blitz March 14 Early 2023"]
[White "Fernandez Siles, Luis"]
[Black "Quirke, Jeffrey"]
[WhiteFideId "2209420"]
[BlackFideId "2013029"]
[WhiteElo "2186"]
[BlackElo "2205"]
[Result "1-0"]
[Round "06"]
[TimeControl "180+2"]
[Date "2023.03.14"]
[WhiteClock "0:00:11"]
[BlackClock "0:00:01"]

1. d4 Nf6 2. c4 e6 3. Nc3 Bb4 4. e3 c5 5. Ne2 cxd4 6. exd4 d5 7. a3 Bxc3+ 8. Nxc3 dxc4 9. Bxc4 O-O 10. Bg5 Nbd7 11. O-O b6 12. Qf3 Rb8 13. Ne4 Bb7 14. Bxf6 Nxf6 15. Nxf6+ Qxf6 16. Qxf6 gxf6 17. Rfd1 Rbc8 18. Bb3 Rfd8 19. f3 Kf8 20. Kf2 Ke7 21. Ke3 f5 22. g4 fxg4 23. fxg4 h6 24. Rg1 Bd5 25. Bd1 Rc7 26. Rg3 Kf6 27. Rh3 Kg7 28. Ba4 Rdc8 29. Rg1 Rc1 30. Rgg3 Re1+ 31. Kd2 Rcc1 32. g5 hxg5 33. Rxg5+ Kf6 34. Rg8 Rg1 35. Rh6+ Ke7 36. Re8+ Kd6 37. Rd8+ Ke7 38. Rd7+ Kf8 39. Rh7 Rb1 40. Rd8+ Ke7 41. Re8+ Kd6 42. Rxf7 Rxb2+ 43. Kc3 b5 44. Kxb2 bxa4 45. Rxa7 Rg2+ 46. Kc3 Rxh2 47. Rd8+ Kc6 48. Rxa4 Rh3+ 49. Kd2 Rh2+ 50. Ke3 Rh3+ 51. Kf2 Rh2+ 52. Kg3 Ra2 53. Raa8 Kb5 54. Rdb8+ Kc4 55. Ra4+ Kd3 56. Ra5 Ke4 57. Ra4 Kd3 58. Kf4 Rf2+ 59. Ke5 Re2+ 60. Kd6 Ke4 61. Kc5 Rc2+ 62. Kd6 1-0


[Site "https://www.chess.com"]

[Event "Titled Tuesday Blitz March 14 Early 2023"]
[White "Matveeva, Olga"]
[Black "Aanan, Shafiuddin"]
[WhiteFideId "24107018"]
[BlackFideId "3242633"]
[WhiteElo "2056"]
[BlackElo "1648"]
[Result "0-1"]
[Round "06"]
[TimeControl "180+2"]
[Date "2023.03.14"]
[WhiteClock "0:00:05"]
[BlackClock "0:00:14"]

1. d4 Nf6 2. c4 c5 3. d5 b5 4. cxb5 a6 5. bxa6 g6 6. Nc3 Bg7 7. g3 O-O 8. Bg2 d6 9. Nf3 Nbd7 10. Rb1 Nb6 11. b3 Bf5 12. Rb2 Ne4 13. Nxe4 Bxb2 14. Bxb2 Bxe4 15. O-O Bxd5 16. Qd2 e5 17. Qh6 f6 18. h4 Qe7 19. Rd1 Rxa6 20. h5 g5 21. Nh4 gxh4 22. Rxd5 Rxa2 23. Rd2 Qg7 24. Qe3 hxg3 25. fxg3 Qe7 26. Kh2 Ra7 27. h6 Rd7 28. b4 Na4 29. Bd5+ Kh8 30. b5 Nxb2 31. Rxb2 f5 32. b6 f4 33. gxf4 Qh4+ 34. Qh3 Qxh3+ 35. Kxh3 exf4 36. b7 Rb8 37. Kg4 c4 38. Kxf4 c3 39. Rc2 Rdxb7 40. Bxb7 Rxb7 41. Rxc3 Kg8 42. Rc8+ Kf7 43. e4 Kg6 44. Rd8 Rb6 45. e5 dxe5+ 46. Kxe5 Kxh6 47. Kf4 Kg6 48. Kg4 Rb4+ 49. Kg3 h5 50. Rd6+ Kg5 51. Rd5+ Kg6 52. Rd6+ Kg5 0-1


[Site "https://www.chess.com"]

[Event "Titled Tuesday Blitz March 14 Early 2023"]
[White "Bennett, Patrick"]
[Black "Baruch, Liam"]
[WhiteFideId "1801228"]
[BlackFideId "14322064"]
[WhiteElo "2361"]
[BlackElo "2132"]
[Result "1-0"]
[Round "06"]
[TimeControl "180+2"]
[Date "2023.03.14"]
[WhiteClock "0:00:59"]
[BlackClock "0:00:03"]

1. d4 d5 2. c4 e6 3. Nc3 Nf6 4. f3 Bb4 5. Bg5 h6 6. Bh4 dxc4 7. e3 g5 8. Bf2 Nd5 9. Qc2 b5 10. e4 Nf4 11. g3 Ng6 12. Bg2 c6 13. Ne2 h5 14. O-O h4 15. Rad1 hxg3 16. Bxg3 Nh4 17. e5 Nxg2 18. Kxg2 Bb7 19. Ne4 Be7 20. N2c3 Nd7 21. Nd6+ Bxd6 22. exd6 c5 23. Nxb5 Rc8 24. Nxa7 g4 25. Nxc8 Bxf3+ 26. Rxf3 gxf3+ 27. Kxf3 Qxc8 28. Qxc4 Qa8+ 29. Kf2 cxd4 30. Qxd4 Rg8 31. Rc1 f6 32. Qc4 Kf7 33. Re1 Re8 34. Qc7 Qc8 35. Rc1 Qxc7 36. dxc7 Rc8 37. b4 Nb6 38. b5 Ke7 39. Rc6 Nd5 40. b6 Kd7 41. b7 Rxc7 42. b8=Q 1-0


[Site "https://www.chess.com"]

[Event "Titled Tuesday Blitz March 14 Early 2023"]
[White "Necula, Iulian"]
[Black "Liu, Casper"]
[WhiteFideId "1232380"]
[BlackFideId "1454153"]
[WhiteElo "1790"]
[BlackElo "2221"]
[Result "0-1"]
[Round "06"]
[TimeControl "180+2"]
[Date "2023.03.14"]
[WhiteClock "0:00:41"]
[BlackClock "0:01:52"]

1. d4 Nc6 2. Nc3 e5 3. d5 Nce7 4. e4 Ng6 5. Nf3 Bb4 6. Qd3 Nf6 7. Bg5 O-O 8. a3 Bxc3+ 9. bxc3 h6 10. Bh4 Nxh4 11. Nxh4 Nxd5 12. Qxd5 Qxh4 13. Qxe5 d6 14. Qd4 Re8 15. Bd3 Bf5 16. g3 Qg4 17. h3 Qf3 18. Kd2 Bxe4 19. Rhe1 Bxd3 20. cxd3 c5 21. Qf4 Qxf4+ 22. gxf4 f5 23. Re3 Kf7 24. Rae1 b6 25. a4 g5 26. fxg5 hxg5 27. a5 bxa5 28. Rxe8 Rxe8 29. Ra1 Rh8 30. Rxa5 Rxh3 31. Rxa7+ Ke6 32. Rg7 g4 33. Rg6+ Ke5 34. d4+ cxd4 35. cxd4+ Kd5 36. Rg5 Rf3 37. Ke2 Kxd4 38. Rg8 d5 39. Ra8 Rc3 40. Ra4+ Rc4 41. Ra2 Ke4 42. Rd2 d4 43. Rd3 Rc2+ 0-1


[Site "https://www.chess.com"]

[Event "Titled Tuesday Blitz March 14 Early 2023"]
[White "Kalajzic, Ivan"]
[Black "Comas Fabrego, Lluis"]
[WhiteFideId "14506378"]
[BlackFideId "2200325"]
[WhiteElo "2203"]
[BlackElo "2523"]
[Result "1-0"]
[Round "06"]
[TimeControl "180+2"]
[Date "2023.03.14"]
[WhiteClock "0:00:24"]
[BlackClock "0:00:09"]

1. d4 Nf6 2. Nc3 d5 3. Bg5 Nbd7 4. e3 g6 5. f4 Bg7 6. Nf3 b6 7. Be2 Bb7 8. O-O O-O 9. Ne5 Ne4 10. Nxe4 dxe4 11. Nxd7 Qxd7 12. c3 a5 13. Qc2 f5 14. Rfd1 e6 15. a4 Ba6 16. Bxa6 Rxa6 17. Qb3 Qd5 18. c4 Qd7 19. d5 e5 20. Qb5 Qxb5 21. cxb5 Raa8 22. Rac1 Rf7 23. b3 h6 24. Bh4 exf4 25. exf4 Bf8 26. Rc6 Bd6 27. Rf1 Kg7 28. Be1 Re8 29. Bc3+ Kh7 30. g3 Rd8 31. Rd1 Bc5+ 32. Kf1 Rfd7 33. Be5 Bd6 34. Bxd6 Rxd6 35. Rxc7+ R8d7 36. Rc6 Kg7 37. Ke2 Kf7 38. Ke3 Ke7 39. Rxd6 Rxd6 40. Kd4 Kf6 41. Rc1 e3 42. Kxe3 Rxd5 43. Rc6+ Kf7 44. Rxb6 Rc5 45. Kd4 Rc2 46. Ra6 Rxh2 47. Rxa5 Rg2 48. b6 Rd2+ 49. Kc3 Rd8 50. b7 Rb8 51. Rb5 g5 52. a5 gxf4 53. gxf4 1-0


[Site "https://www.chess.com"]

[Event "Titled Tuesday Blitz March 14 Early 2023"]
[White "Clawitter, Craig"]
[Black "Barria Santos, Jose Guilherme"]
[WhiteFideId "2023105"]
[BlackFideId "1939300"]
[WhiteElo "2232"]
[BlackElo "2301"]
[Result "1-0"]
[Round "06"]
[TimeControl "180+2"]
[Date "2023.03.14"]
[WhiteClock "0:01:25"]
[BlackClock "0:01:10"]

1. e4 c5 2. Nf3 d6 3. d4 cxd4 4. Nxd4 Nf6 5. Nc3 a6 6. Be3 e5 7. Nb3 Be7 8. f3 Be6 9. Qd2 h5 10. Be2 Nbd7 11. Nd5 Nxd5 12. exd5 Bf5 13. Na5 Qc7 14. O-O Qxc2 15. Qxc2 Bxc2 16. Nxb7 Rb8 17. Bxa6 O-O 18. Rfc1 Bd3 19. Bxd3 Rxb7 20. a4 Rxb2 21. Rc7 Rd8 22. Bf5 Rb3 23. Bf2 Rdb8 24. h3 R3b7 25. Rxd7 Bg5 26. Rxb7 Rxb7 27. a5 1-0


[Site "https://www.chess.com"]

[Event "Titled Tuesday Blitz March 14 Early 2023"]
[White "Simonovic, Miroslav"]
[Black "Prudnykova, Olga"]
[WhiteFideId "919152"]
[BlackFideId "14121093"]
[WhiteElo "2042"]
[BlackElo "2113"]
[Result "1-0"]
[Round "06"]
[TimeControl "180+2"]
[Date "2023.03.14"]
[WhiteClock "0:00:39"]
[BlackClock "0:00:17"]

1. d4 Nf6 2. Bg5 g6 3. Bxf6 exf6 4. c4 Bg7 5. Nc3 O-O 6. g3 d6 7. Bg2 a5 8. e3 Nd7 9. Nge2 f5 10. O-O Nf6 11. a3 h5 12. h4 Ng4 13. b4 axb4 14. axb4 Rxa1 15. Qxa1 g5 16. hxg5 Qxg5 17. Nd5 c6 18. Ndf4 h4 19. Qa5 Qh6 20. Bh3 hxg3 21. Nxg3 Qg5 22. Kg2 Bxd4 23. exd4 Qxf4 24. Bxg4 fxg4 25. Rh1 f5 26. Qc7 Qf3+ 27. Kg1 Qd1+ 28. Nf1 Re8 29. Rh7 Qxd4 30. Qf7# 1-0


[Site "https://www.chess.com"]

[Event "Titled Tuesday Blitz March 14 Early 2023"]
[White "Allam, Yara"]
[Black "Sanchez, Robert"]
[WhiteFideId "10615709"]
[BlackFideId "2034360"]
[WhiteElo "1758"]
[BlackElo "2233"]
[Result "1-0"]
[Round "06"]
[TimeControl "180+2"]
[Date "2023.03.14"]
[WhiteClock "0:00:23"]
[BlackClock "0:01:43"]

1. e4 e6 2. d4 d5 3. Nc3 Nf6 4. e5 Ne4 5. Nxe4 dxe4 6. c3 c5 7. Be3 Nc6 8. Bb5 Bd7 9. Bxc6 Bxc6 10. dxc5 Qc7 11. Qh5 g6 12. Qg5 Be7 13. Qg3 O-O-O 14. Ne2 h5 15. h4 Bb5 16. Nd4 Bd3 17. c6 bxc6 18. Qf4 c5 19. Nb3 Rhf8 20. Bd2 a5 21. Nc1 Ba6 22. b3 Qd7 23. Qe3 Kb8 24. c4 a4 25. Ne2 f5 26. O-O-O axb3 27. Qxb3+ Qb7 28. Qxb7+ Bxb7 29. Ba5 Rxd1+ 30. Rxd1 Bxh4 31. g3 Be7 32. Rd7 Re8 33. Bc7+ Kc8 1-0


[Site "https://www.chess.com"]

[Event "Titled Tuesday Blitz March 14 Early 2023"]
[White "Wei, Yi"]
[Black "Matlakov, Maxim"]
[WhiteFideId "8603405"]
[BlackFideId "4168003"]
[WhiteElo "2686"]
[BlackElo "2666"]
[Result "0-1"]
[Round "07"]
[TimeControl "180+2"]
[Date "2023.03.14"]
[WhiteClock "0:00:01"]
[BlackClock "0:00:10"]

1. c4 e6 2. Nc3 d5 3. d4 Nf6 4. cxd5 exd5 5. Bg5 c6 6. e3 h6 7. Bh4 Be7 8. Bd3 O-O 9. Nge2 Nbd7 10. Qc2 Re8 11. O-O Nh5 12. Bxe7 Qxe7 13. Rae1 Ndf6 14. Nc1 g6 15. Nb3 Ng4 16. h3 Ngf6 17. e4 Nf4 18. exd5 Qxe1 19. Rxe1 Rxe1+ 20. Kh2 N6xd5 21. Nxd5 cxd5 22. Bb5 Nh5 23. Qc7 Nf6 24. Nc5 a6 25. Ba4 Kg7 26. Bb3 Re2 27. Nd3 Bf5 28. Ne5 Be6 29. Qxb7 Rf8 30. f3 Rxb2 31. Qxa6 Nh5 32. Qa3 Re2 33. Nd3 Bf5 34. Bxd5 Bxd3 35. Qxd3 Rxg2+ 36. Kh1 Nf4 37. Qe4 g5 38. Qe5+ Kg8 39. Bc4 Rc2 40. Bb3 Rd2 41. Qe3 Re2 42. Qc3 Rfe8 43. Bc4 Rf2 44. Bb3 Ree2 45. Qc8+ Kg7 0-1


[Site "https://www.chess.com"]

[Event "Titled Tuesday Blitz March 14 Early 2023"]
[White "Yu, Yangyi"]
[Black "So, Wesley"]
[WhiteFideId "8603820"]
[BlackFideId "5202213"]
[WhiteElo "2783"]
[BlackElo "2739"]
[Result "1-0"]
[Round "07"]
[TimeControl "180+2"]
[Date "2023.03.14"]
[WhiteClock "0:00:25"]
[BlackClock "0:00:10"]

1. Nf3 d5 2. d4 Nf6 3. c4 e6 4. Nc3 Be7 5. Bf4 O-O 6. e3 Nbd7 7. a3 c6 8. h3 dxc4 9. Bxc4 b5 10. Bd3 a6 11. Ne4 c5 12. dxc5 Nxc5 13. Nxc5 Bxc5 14. Rc1 Qe7 15. b4 Bb6 16. Bd6 Qe8 17. Bxf8 Qxf8 18. O-O Bb7 19. Qe2 Re8 20. Rfd1 e5 21. Bb1 g6 22. Ba2 h6 23. Qd3 e4 24. Qd6 Bd8 25. Ne5 Qxd6 26. Rxd6 Kg7 27. Nxf7 1-0


[Site "https://www.chess.com"]

[Event "Titled Tuesday Blitz March 14 Early 2023"]
[White "Nakamura, Hikaru"]
[Black "Nguyen, Ngoc Truong Son"]
[WhiteFideId "2016192"]
[BlackFideId "12401110"]
[WhiteElo "2879"]
[BlackElo "2571"]
[Result "1-0"]
[Round "07"]
[TimeControl "180+2"]
[Date "2023.03.14"]
[WhiteClock "0:00:18"]
[BlackClock "0:00:06"]

1. Nf3 Nf6 2. b3 g6 3. Bb2 Bg7 4. d4 O-O 5. e3 d6 6. Be2 Re8 7. O-O Nbd7 8. c4 c6 9. b4 Qc7 10. c5 Nd5 11. Qd2 a5 12. cxd6 exd6 13. b5 N7f6 14. Nc3 Nxc3 15. Qxc3 Nd5 16. Qd2 a4 17. Ba3 Qd7 18. bxc6 bxc6 19. Rac1 Ba6 20. Bxa6 Rxa6 21. Rc4 h6 22. Rfc1 Nc7 23. h3 Nb5 24. Bb4 a3 25. Qd3 Ra4 26. Bd2 Rxc4 27. Rxc4 Ra8 28. Ne1 d5 29. Rc1 Nd6 30. Qc2 Nc4 31. Rb1 Bf8 32. Rb3 Ra7 33. Nd3 Rb7 34. Bc1 Bd6 35. Qb1 Na5 36. Rxb7 Qxb7 37. Qxb7 Nxb7 38. Bd2 c5 39. dxc5 Nxc5 40. Nxc5 Bxc5 41. Kf1 f5 42. Ke2 Kf7 43. Kd3 Ke6 44. f3 h5 45. Bc3 Kd6 46. Bg7 Kc6 47. Bd4 Bb4 48. Kc2 Kb5 49. Kb3 Bd6 50. Bc3 Bc5 51. Bd2 Kc6 52. Bc1 Kb5 53. Bxa3 Bxe3 54. Bb2 d4 55. a4+ Kc5 56. Ba3+ Kd5 57. Bb4 d3 58. Kc3 d2 59. Kc2 Kc4 60. Bxd2 Bd4 61. a5 Bc5 62. Kd1 Kd3 63. a6 Bb6 64. Bg5 Bf2 65. Bf4 Ba7 66. Bg3 Kc4 67. Ke2 Kb5 68. Bf2 Kxa6 69. Bxa7 Kxa7 70. Ke3 1-0


[Site "https://www.chess.com"]